Map: Oceanborn LE

Players

Rodialus - Winner!

  • Race: Protoss Protoss
  • Spawn Location: 11:00

A.I. 1 (Elite)

  • Race: Zerg Zerg
  • Spawn Location: 5:00

VOD

Have the link to the VOD?

Description

Time

  • Played on: July 8, 2025, 11:16 p.m.
  • Length: 8:02
Show
View Real Time Build Order
Export as new Build Order

Rodialus Protoss - Winner!

Build Orders: 1 Gate Expand 

Get SALT Encoding   

  1  0:00  Probe  
  12  0:05  Probe  
  14  0:17  Pylon  
  14  0:21  Probe  
  15  0:35  Probe  
  15  0:36  Gateway  
  16  0:47  Probe, Assimilator  
  17  0:57  Probe  
  18  1:05  Probe  
  19  1:14  Probe  
  20  1:23  Cybernetics Core  
  20  1:35  Nexus  
  20  1:43  Pylon  
  20  1:50  Warp Gate  
  20  1:54  Probe  
  21  2:03  Zealot  
  23  2:12  Robotics Facility  
  23  2:16  Probe  
  23  2:18  Assimilator  
  24  2:28  Probe  
  25  2:32  Gateway  
  25  2:40  Probe  
  26  2:45  Probe  
  26  2:49  Pylon  
  27  2:52  Probe  
  27  2:53  Probe  
  29  2:59  Observer  
  29  3:04  Probe  
  31  3:09  Probe  
  31  3:10  Gateway  
  32  3:16  Probe  
  32  3:17  Probe  
  34  3:28  Immortal  
  34  3:32  Probe  
  34  3:33  Probe  
  40  3:42  Twilight Council  
  40  3:46  Probe  
  40  3:49  Probe  
  42  3:56  Stalker  
  42  3:57  Stalker  
  42  4:00  Probe  
  46  4:03  Pylon  
  46  4:04  Probe  
  46  4:09  Charge  
  48  4:10  Sentry  
  48  4:12  Probe  
  51  4:21  Probe  
  53  4:24  Probe  
  53  4:30  Immortal  
  53  4:33  Probe  
  53  4:36  Probe  
  59  4:42  Stalker  
  61  4:50  Pylon  
  61  4:55  Pylon  
  61  4:56  Pylon  
  61  4:58  Pylon  
  61  5:08  Stalker  
  61  5:09  Stalker x2  
  67  5:20  Probe x2  
  69  5:23  Observer  
  69  5:24  Gateway  
  69  5:32  Probe x2  
  69  5:33  Zealot x2  
  69  5:34  Zealot  
  77  5:49  Warp Prism  
  77  5:54  Zealot x3  
  85  6:17  Stalker x2  
  85  6:18  Stalker  
  79  6:35  Zealot  
  79  6:49  Pylon, Immortal  
  79  6:50  Gateway  
  79  6:52  Pylon x2  
  79  6:53  Pylon, Gateway  
  83  6:54  Zealot x3  
  83  6:56  Pylon  
  83  6:57  Gateway  
  87  7:18  Zealot x4  
  87  7:28  Probe x2  
  87  7:38  Nexus  
  87  7:42  Pylon x2  
Show
View Real Time Build Order
Export as new Build Order

A.I. 1 (Elite) Zerg 

Build Orders: Hatch First 

Get SALT Encoding   

  12  0:00  Drone  
  13  0:12  Overlord  
  13  0:16  Drone  
  14  0:30  Drone x2  
  14  0:34  Drone  
  17  0:53  Drone, Hatchery  
  17  1:10  Spawning Pool  
  16  1:11  Extractor  
  16  1:13  Drone  
  16  1:17  Drone  
  17  1:21  Drone  
  18  1:28  Drone  
  19  1:38  Overlord  
  19  1:49  Drone  
  20  1:58  Queen  
  20  2:00  Zergling x2  
  23  2:05  Drone  
  24  2:15  Queen  
  24  2:19  Drone  
  27  2:31  Roach Warren  
  27  2:33  Extractor  
  27  2:35  Drone  
  26  2:38  Drone  
  27  2:45  Overlord  
  27  2:48  Drone  
  28  2:52  Drone  
  28  2:55  Drone  
  28  2:57  Drone  
  31  3:01  Drone  
  31  3:04  Zergling x2  
  33  3:10  Zergling x2  
  34  3:15  Roach  
  34  3:16  Roach  
  38  3:20  Roach  
  38  3:24  Roach  
  38  3:26  Drone  
  43  3:29  Drone  
  44  3:34  Overlord  
  44  3:41  Lair  
  44  3:46  Metabolic Boost  
  44  3:52  Drone  
  44  3:53  Drone  
  44  3:55  Drone  
  47  3:57  Drone  
  47  4:00  Drone  
  47  4:02  Drone  
  50  4:04  Drone  
  50  4:08  Overlord  
  51  4:11  Drone  
  51  4:16  Drone, Evolution Chamber  
  52  4:20  Evolution Chamber  
  52  4:21  Drone  
  52  4:26  Drone x2  
  52  4:30  Drone  
  55  4:32  Drone  
  55  4:34  Drone  
  55  4:35  Drone  
  58  4:42  Infestation Pit, Drone  
  58  4:43  Zerg Missile Weapons Level 1  
  58  4:46  Zerg Ground Armor Level 1  
  58  4:49  Overlord  
  58  4:53  Overlord  
  58  4:54  Drone  
  58  4:56  Zergling x2  
  60  5:07  Drone  
  60  5:08  Drone x2  
  60  5:09  Hydralisk Den, Drone  
  60  5:11  Extractor  
  60  5:13  Drone  
  63  5:20  Drone, Extractor  
  63  5:25  Zergling x2  
  63  5:27  Zergling x2  
  63  5:28  Infestor, Overlord  
  67  5:33  Drone x3  
  67  5:34  Roach  
  72  5:37  Roach  
  72  5:39  Hydralisk  
  76  5:46  Drone, Hydralisk  
  76  5:47  Roach, Overlord  
  81  5:52  Hydralisk  
  83  6:05  Hydralisk, Evolution Chamber  
  83  6:06  Roach, Overlord, Drone x2  
  83  6:10  Overseer  
  88  6:13  Infestor  
  88  6:15  Zergling x4  
  88  6:16  Zergling x2  
  90  6:19  Zergling x2  
  84  6:26  Roach x2  
  84  6:32  Zergling x2  
  76  6:33  Roach  
  76  6:36  Hydralisk  
  76  6:39  Hydralisk  
  71  6:45  Hydralisk  
  73  6:48  Drone  
  73  6:49  Hatchery  
  73  6:53  Roach  
  69  6:55  Drone  
  69  6:59  Drone  
  67  7:01  Drone  
  67  7:04  Drone  
  38  7:23  Zergling x2  
  38  7:26  Zergling x2  
  34  7:30  Roach  
  34  7:34  Roach  
Tags
 
Add a new tag
Caveats
  • Supply blocks, unpowered buildings, or Contaminate may cause inaccurate times.
  • Supply counts are checked every 10 seconds.